asl, chaotic female orcish Wizard ----- ----- ----- |.... ------ ------ |...| #+..{| |...| #|....| |.... |....#######|...| |<|..#####.....| |.... ##....| #....| |...| #|.{..| .... # |...| #|...| ----- |....| ... ####+...| |...| |....| | #####-.--- |...| -|---- ### ? ## # ##-----# # ---.- ########################################....|# # # # ### # |...|# # ### #########....|# ### # ^ # |)...######### # u ----|-----.---- ### |...| ---.- # #@#-.............| # ----- |.... # |.............-## |...| --.-- |.............| |...|######....| |.............| |...-######|...| |.............| ----- #|...| --------------- ----- asl the Conjurer Experience level: 5 Strength: 9 Dexterity: 15 Constitution: 15 Intelligence: 16 Wisdom: 9 Charisma: 11 Health: 0(44) Energy: 15(34) AC: 9 Gold: 615 Moves: 1359 Your Inventory: Coins $ - 615 gold pieces Weapons a - a blessed +1 quarterstaff (weapon in hands) Armor b - an uncursed +0 cloak of magic resistance (being worn) Comestibles p - 2 [uncursed] slime molds q - an [uncursed] pear t - 2 [uncursed] food rations Scrolls y - a [blessed] scroll labeled AQUE BRAGH [of enchant weapon] Potions o - a [cursed] steamy potion [of restore ability] s - an [uncursed] pink potion [of extra healing] v - an [uncursed] dark potion [of object detection] w - an [uncursed] golden potion [of confusion] Wands n - an [uncursed] iridium wand [of make invisible (0:6)] Tools r - an [uncursed] drum [leather] Spells known in the end: Name Level Category Fail Memory a - force bolt 1 attack 0% [||||||||] b - confuse monster 2 enchantment 0% [||||||||] Your skills at the end: Fighting Skills Weapon Skills quarterstaff [Basic / Expert] Spellcasting Skills attack spells [Basic / Expert] enchantment spells [Basic / Skilled] Final Attributes: You were devoutly aligned. Hunger level was 191. Your alignment was 15 / 16. Monster difficulty range was 1 - 6. Level difficulty was 8. You were immune to poison. You were magic-protected. You had infravision. Your luck was zero. You are dead. Vanquished creatures: an ice vortex a wood nymph a gnome lord a floating eye a kitten a monkey 9 acid blobs a gecko a sewer rat a lichen a kobold zombie 4 newts 23 creatures vanquished. Voluntary challenges: You were an atheist. You used a wielded weapon 19 times. You read items or engraved 1 time. You put on armor 1 time. You never genocided any monsters. You never polymorphed an object. You never changed form. You used no wishes. You never wrote Elbereth's name. You never encountered a bones level. You never used any Sokoban shortcuts. Dungeon overview: The Dungeons of Doom: levels 1 to 8 Level 1 some fountains a long staircase Level 2 stairs to The Gnomish Mines Level 3 a potion shop portal to Advent Calendar Level 4 a bookstore, a sink Level 5 many fountains Level 8 <- You were here some fountains The Gnomish Mines: Level 3 stairs to The Dungeons of Doom Advent Calendar: Level 4 many trees portal to The Dungeons of Doom History has recorded: On T:1 you entered the Dungeons of Doom to retrieve the Amulet of Yendor! On T:142 you reached level 2 of The Dungeons of Doom. On T:176 you advanced to experience level 2. On T:184 you reached level 3 of The Dungeons of Doom. On T:253 you reached level 4 of The Dungeons of Doom. On T:310 you advanced to experience level 3. On T:408 you reached level 1 of Advent Calendar. On T:596 you reached level 1 of The Gnomish Mines. On T:744 you reached level 5 of The Dungeons of Doom. On T:789 you advanced to experience level 4. On T:969 you reached level 6 of The Dungeons of Doom. On T:1020 you reached level 7 of The Dungeons of Doom. On T:1055 you advanced to experience level 5. On T:1171 you reached level 8 of The Dungeons of Doom. Latest messages: [HP+1=17] [HP+1=18] Something is written here in the dust. You read: "c ?e?a i n". a - a blessed +1 quarterstaff (weapon in hands). Ouch! That hurts! [HP-1=17] Crash! You kick open a secret door! Crash! You kick open a secret passage! You feel a wrenching sensation. [HP+1=18] Something is written here in the dust. You read: "? c?? ? n". The door opens. [HP+1=19] The white unicorn butts! The white unicorn kicks! The white unicorn butts! You die... Final status: Goodbye asl the Wizard... You died in The Dungeons of Doom on dungeon level 8 with 1788 points, and 615 pieces of gold, after 1359 moves. You were level 5 with a maximum of 44 hit points when you died.